 Dungeon Crawl Stone Soup version 0.18-a0-1195-g77a4f03 (webtiles) character file.

9279 Lathuz the Fighter (level 11, 0/105 HPs)
             Began as a Minotaur Berserker on Jan 29, 2016.
             Was a High Priest of Trog.
             Slain by a skeletal warrior
             ... wielding a +0 trident
              (8 damage)
             ... on level 11 of the Dungeon.
             The game lasted 00:30:19 (11283 turns).

Lathuz the Fighter (Minotaur Berserker)            Turns: 11283, Time: 00:30:19

Health: 0/105      AC: 16    Str: 23    XL:     11   Next: 21%
Magic:  19/19      EV:  8    Int:  4    God:    Trog [*****.]
Gold:   582        SH:  6    Dex: 12    Spells: 0 memorised, 10 levels left

rFire  . . .     SeeInvis .     t - +6 flail of Midsummer {crush, rPois MP+9}
rCold  . . .     Gourm    .     E - +0 plate armour
rNeg   . . .     Faith    .     F - +0 buckler
rPois  +         Spirit   .     (helmet restricted)
rElec  .         Dismiss  .     y - +0 cloak
rCorr  .         Reflect  .     C - +0 pair of gloves
SustAt +         Harm     .     (no boots)
MR     .....                    (no amulet)
Stlth  ..........               S - ring of sustain attributes
                                k - ring of flight

@: not resistant to hostile enchantments, extremely unstealthy
A: retaliatory headbutt, horns 2
a: Berserk, Trog's Hand, Brothers in Arms, Burn Spellbooks, Renounce Religion,
Evoke Flight


You were on level 11 of the Dungeon.
You worshipped Trog.
Trog was extremely pleased with you.
You were not hungry.

You visited 1 branch of the dungeon, and saw 12 of its levels.

You collected 582 gold pieces.

Inventory:

Hand Weapons
 t - the +6 flail of Midsummer (weapon) {crush, rPois MP+9}
   (You found it on level 5 of the Dungeon)

   It inflicts extra damage upon your enemies.
   It protects you from poison.
   It affects your magic capacity (+9).
 x - a +0 flail
Missiles
 l - 159 stones (quivered)
Armour
 q - a +0 chain mail
 y - a +0 cloak (worn)
 C - a +0 pair of gloves (worn)
 E - a +0 plate armour (worn)
 F - a +0 buckler (worn)
Jewellery
 d - a cursed +4 ring of dexterity
 k - a ring of flight (left hand)
 G - an uncursed ring of ice
 S - a ring of sustain attributes (right hand)
Wands
 H - a wand of disintegration (7/24)
 P - a wand of flame (23/48)
 R - a wand of draining (5/15)
 Y - a wand of random effects (25/48)
Scrolls
 a - 3 scrolls of recharging
 b - 2 scrolls of amnesia
 e - 3 scrolls of blinking
 f - 2 scrolls of teleportation
 m - 2 scrolls of magic mapping {unknown}
 o - 7 scrolls of identify
 D - a scroll of immolation {unknown}
 J - 2 scrolls of remove curse {unknown}
 L - a scroll of summoning {unknown}
 N - a scroll of enchant armour {unknown}
 O - a scroll of fog {unknown}
 Q - a scroll of vulnerability {unknown}
 T - a scroll of enchant weapon {unknown}
Potions
 g - a potion of ambrosia {unknown}
 h - 3 potions of flight {unknown}
 i - a potion of resistance {unknown}
 n - 2 potions of might
 r - 2 potions of magic {unknown}
 u - 2 potions of beneficial mutation {unknown}
 w - a potion of agility {unknown}
 z - a potion of berserk rage {unknown}
 A - 2 potions of curing
 B - a potion of brilliance {unknown}
 I - a potion of haste {unknown}
 K - a potion of poison {unknown}
 M - a potion of heal wounds {unknown}
 U - a potion of cancellation {unknown}
 W - a potion of invisibility {unknown}
 X - a potion of mutation {unknown}
Comestibles
 c - 8 bread rations
 j - 7 meat rations
 p - 10 fruits
 s - 2 beef jerkies
 v - 2 royal jellies
 V - 3 chunks of flesh


   Skills:
 * Level 12.6 Fighting
 - Level 12.1 Maces & Flails
 + Level 9.1 Armour
 - Level 2.1 Dodging
 + Level 8.5 Shields


You had 10 spell levels left.
You didn't know any spells.

Dungeon Overview and Level Annotations

Branches:
Dungeon (12/15)            Temple (0/1) D:7            Lair (0/8) D:11
    Orc: D:9-12

Altars:
Gozag
Nemelex Xobeh
Pakellas
Sif Muna
Yredelemnul

Shops:
D:2 *   D:9 :


Innate Abilities, Weirdness & Mutations

You reflexively headbutt those who attack you in melee.
You have a pair of horns on your head.


Message History

The skeletal warrior is heavily damaged.
The skeletal warrior hits you with a war axe.
The skeletal warrior hits you with a short sword.
You closely miss the skeletal warrior. You headbutt the skeletal warrior.
The skeletal warrior is heavily damaged.
The skeletal warrior hits you with an enchanted flail!!
You block the skeletal warrior's attack.
The skeletal warrior hits you with a war axe!
* * * LOW HITPOINT WARNING * * *
You sock the skeletal warrior!
The skeletal warrior is severely damaged.
The skeletal warrior hits you from afar with a trident.
* * * LOW HITPOINT WARNING * * *
The skeletal warrior hits you with an enchanted flail.
* * * LOW HITPOINT WARNING * * *
You hit the skeletal warrior.
The skeletal warrior is severely damaged.
The skeletal warrior hits you but does no damage. x2
The skeletal warrior hits you from afar with a trident!
You die...

≈≈≈≈#≈≈≈≈.........###'##
≈≈#≈≈≈≈#≈.........# #.#
#≈≈≈≈#≈≈≈..######.# #.##
≈≈≈#≈≈≈≈...# #.# #...
..≈≈≈≈#≈...######.# ##..
.....≈≈≈.#........# #..
.........#........#####.
######..##..............
##@##.........(....
......zzz#..............
.......zz+..............
.........#....###.......
.........#....# #..[....
#........# #.......
#........# #.(.....
#........# #.......
.......


You could see 5 skeletal warriors.

Vanquished Creatures
  The ghost of Monkaria the Grappler, a novice TrCK of Xom (D:7)
  An unseen horror (D:11)
  A hill giant (D:11)
  A manticore (D:11)
  An ugly thing (D:11)
  Joseph (D:7)
  2 trolls
  A blink frog (D:11)
  A wyvern (D:7)
  A spriggan (D:7)
  2 hungry ghosts
  Duvessa (D:5)
  5 orc warriors
  An ice beast (D:7)
  A sky beast (D:6)
  A wasp (D:9)
  4 phantoms
  A necrophage (D:6)
  8 centaurs
  2 ogres
  A crocodile (D:12)
  7 big kobolds
  3 giant frogs
  Dowan (D:5)
  5 scorpions
  14 killer bees
  5 wights (D:6)
  4 crimson imps
  2 hounds
  A jelly (D:5)
  A quasit (D:7)
  3 orc priests
  Crazy Yiuf (D:4)
  2 giant frog skeletons
  4 iguanas
  11 orc wizards
  9 worker ants
  A killer bee zombie (D:6)
  A sheep (D:11)
  2 worker ant zombies
  6 gnolls
  15 adders
  2 shadow imps
  3 oozes
  An adder skeleton (D:4)
  9 giant geckos
  30 orcs
  4 giant cockroaches
  2 gnoll zombies (D:3)
  9 goblins
  8 hobgoblins
  14 jackals
  4 quokkas
  2 ball pythons
  10 bats
  A giant gecko skeleton (D:6)
  A giant gecko zombie (D:7)
  7 giant newts
  28 kobolds
  10 rats
281 creatures vanquished.

Vanquished Creatures (collateral kills)
  4 big kobolds (D:9)
  3 kobolds (D:9)
7 creatures vanquished.

Vanquished Creatures (others)
  A plant (D:1)
1 creature vanquished.

Grand Total: 289 creatures vanquished

Notes
Turn   | Place    | Note
--------------------------------------------------------------
     0 | D:1      | Lathuz the Minotaur Berserker began the quest for the Orb.
     0 | D:1      | Reached XP level 1. HP: 19/19 MP: 0/0
    23 | D:1      | Reached skill level 4 in Maces & Flails
   179 | D:1      | Reached XP level 2. HP: 20/26 MP: 1/1
   540 | D:1      | Reached skill level 5 in Maces & Flails
   571 | D:1      | Reached ** piety under Trog
   691 | D:1      | Reached XP level 3. HP: 31/31 MP: 2/2
  1224 | D:2      | Reached skill level 6 in Maces & Flails
  1224 | D:2      | Reached XP level 4. HP: 22/39 MP: 3/3
  1547 | D:2      | Found an opulent altar of Gozag.
  1551 | D:2      | Found Gozag's Platinum Reserve.
  2195 | D:3      | Found an oddly glowing altar of Pakellas.
  2306 | D:3      | Reached skill level 7 in Maces & Flails
  2306 | D:3      | Reached XP level 5. HP: 39/45 MP: 4/4
  2439 | D:3      | Reached *** piety under Trog
  2845 | D:3      | Found a basalt altar of Yredelemnul.
  3300 | D:4      | Reached skill level 8 in Maces & Flails
  3333 | D:4      | Reached XP level 6. HP: 43/51 MP: 5/5
  3449 | D:4      | Noticed Crazy Yiuf
  3454 | D:4      | Killed Crazy Yiuf
  3801 | D:4      | Reached skill level 9 in Maces & Flails
  4254 | D:5      | Entered Level 5 of the Dungeon
  4258 | D:5      | Got a fine flail
  4259 | D:5      | Identified the +6 flail of Midsummer {crush, rPois MP+9} (You found it on level 5 of the Dungeon)
  4275 | D:5      | Found a deep blue altar of Sif Muna.
  4402 | D:5      | Noticed Duvessa
  4403 | D:5      | Noticed Dowan
  4413 | D:5      | Killed Duvessa
  4413 | D:5      | Reached XP level 7. HP: 57/57 MP: 6/6
  4416 | D:5      | Killed Dowan
  4416 | D:5      | Reached skill level 10 in Maces & Flails
  4591 | D:5      | Reached **** piety under Trog
  4707 | D:5      | Reached skill level 11 in Maces & Flails
  4937 | D:5      | Found a deep blue altar of Sif Muna.
  5019 | D:5      | Reached XP level 8. HP: 38/64 MP: 7/7
  5365 | D:6      | Reached skill level 12 in Maces & Flails
  5747 | D:6      | Reached skill level 1 in Shields
  5886 | D:6      | Reached skill level 5 in Fighting
  6143 | D:6      | Found a deep blue altar of Sif Muna.
  6425 | D:7      | Found a staircase to the Ecumenical Temple.
  6475 | D:7      | Reached XP level 9. HP: 72/77 MP: 8/8
  6614 | D:7      | Noticed Joseph
  6627 | D:7      | Killed Joseph
  6695 | D:7      | Noticed Monkaria's ghost (novice TrCK)
  6710 | D:7      | Killed Monkaria's ghost
  6710 | D:7      | Reached skill level 5 in Armour
  6710 | D:7      | Reached skill level 5 in Shields
  7043 | D:7      | Found a sparkling altar of Nemelex Xobeh.
  7743 | D:7      | Reached XP level 10. HP: 91/91 MP: 9/9
  7970 | D:8      | Reached skill level 10 in Fighting
  8254 | D:8      | Reached ***** piety under Trog
  8967 | D:9      | Found Toumy's Book Shop.
  9537 | D:9      | Received a gift from Trog
  9906 | D:10     | Entered Level 10 of the Dungeon
 10198 | D:10     | You fall through a shaft for 2 floors!
 10594 | D:11     | Noticed a hill giant
 10608 | D:11     | Killed a hill giant
 10747 | D:11     | Found a staircase to the Lair.
 10764 | D:11     | Noticed a brown ugly thing
 10773 | D:11     | Killed a brown ugly thing
 10773 | D:11     | Reached XP level 11. HP: 66/104 MP: 10/10
 10793 | D:11     | Killed an unseen horror
 11273 | D:11     | Noticed a skeletal warrior
 11273 | D:11     | Noticed a skeletal warrior
 11273 | D:11     | Noticed a skeletal warrior
 11273 | D:11     | Noticed a skeletal warrior
 11275 | D:11     | Noticed a skeletal warrior
 11283 | D:11     | Slain by a skeletal warrior

Vault maps used:
D:1:      matt_arrival_grand_opening, roderic_serpentine_path,
          lexackson_kobold_supper
D:2:      nicolae_gozag_zags_fifth_avenue
D:3:      lemuel_zombie_altar_yredelemnul, grunt_pakellas_mercury
D:4:      first_bread, uniq_crazy_yiuf_cottage
D:5:      basic_altar, tgw_sif, uniq_duvessa
D:6:      kennysheep_orc_sif_temple
D:7:      minmay_temple_entry_trees, the_bakery, serial_park_tiny_2,
          nemelex_diamond_rough_becter, uniq_joseph
D:8:      kennysheep_generic_room_5
D:9:      serial_shops, nicolae_shop_trees, enter_bailey_3
D:11:     dpeg_lair_monsters, nicolae_lava_and_water
D:12:     orc_0_dummy

Action                   |  1- 3 |  4- 6 |  7- 9 | 10-12 || total
-------------------------+-------+-------+-------+-------++-------
Melee: Mace              |    70 |   133 |       |       ||   203
       Flail             |       |    20 |   185 |   263 ||   468
Throw: Stone             |    19 |   156 |   177 |   161 ||   513
Invok: Berserk           |     2 |     4 |     2 |     4 ||    12
       Burn Spellbooks   |       |       |     1 |     2 ||     3
       Brothers in Arms  |       |       |       |     2 ||     2
  Use: Scroll            |       |     1 |     3 |     5 ||     9
       Potion            |       |       |     1 |       ||     1
  Eat: Chunk             |     2 |    14 |     9 |     7 ||    32
       Bread ration      |       |       |     1 |       ||     1
       Fruit             |       |       |     1 |       ||     1
       Meat ration       |       |       |       |     2 ||     2
